Map: Ley Lines

Players

SubN - Winner!

  • Race: Zerg Zerg
  • League: Platinum
  • Spawn Location: 7:00

Spartan

  • Race: Protoss Protoss
  • League: Diamond
  • Spawn Location: 1:00

VOD

Have the link to the VOD?

Description

Time

  • Played on: July 21, 2025, 6:38 p.m.
  • Length: 9:49
Show
View Real Time Build Order
Export as new Build Order

SubN Zerg - Winner!

Build Orders: Pool First 

Get SALT Encoding   

  12  0:00  Drone  
  13  0:12  Overlord  
  13  0:17  Drone  
  14  0:30  Drone x2  
  16  0:41  Spawning Pool  
  15  0:45  Drone  
  15  0:48  Drone  
  17  0:52  Extractor  
  17  0:56  Drone  
  17  1:22  Hatchery  
  16  1:28  Zergling x2  
  16  1:29  Zergling x4  
  19  1:36  Queen  
  21  1:40  Zergling x2  
  22  1:53  Overlord  
  22  2:06  Overlord  
  22  2:34  Drone  
  22  2:35  Drone x3  
  25  2:50  Queen  
  26  2:55  Drone x2  
  28  3:04  Queen  
  30  3:06  Metabolic Boost  
  30  3:11  Drone x4  
  34  3:29  Hatchery  
  34  3:33  Queen  
  35  3:39  Roach Warren  
  34  3:46  Overlord  
  34  3:49  Lair  
  34  3:58  Drone x3  
  34  3:59  Drone  
  38  4:07  Extractor  
  37  4:11  Overlord  
  37  4:15  Drone x4  
  41  4:22  Overlord  
  41  4:24  Drone x2  
  41  4:26  Drone  
  44  4:43  Queen  
  46  4:47  Roach  
  46  4:48  Roach x4  
  56  4:54  Overlord  
  56  4:58  Glial Reconstitution  
  56  5:03  Roach x2  
  60  5:12  Drone x5  
  65  5:24  Queen  
  67  5:29  Extractor  
  67  5:30  Drone x6  
  67  5:34  Overseer  
  67  5:35  Overseer  
  72  5:41  Overseer  
  72  5:43  Drone  
  72  5:45  Overlord x2  
  73  5:56  Overlord x3  
  73  6:10  Drone x9  
  73  6:11  Drone x3  
  85  6:15  Extractor  
  85  6:17  Extractor, Spire  
  82  6:24  Queen  
  84  6:32  Evolution Chamber  
  83  6:34  Evolution Chamber  
  83  6:35  Roach x4  
  90  6:44  Drone  
  90  6:45  Drone x3, Baneling Nest  
  90  6:46  Drone x3  
  96  6:47  Drone  
  96  6:48  Drone  
  96  6:50  Drone  
  96  6:52  Pneumatized Carapace  
  99  6:59  Zergling x6  
  99  7:00  Zergling x2  
  103  7:01  Zergling x6  
  106  7:09  Roach x3  
  112  7:23  Overlord x4  
  99  7:54  Mutalisk x6  
  104  8:13  Mutalisk  
  104  8:14  Mutalisk  
  108  8:33  Centrifugal Hooks  
  108  8:40  Zergling x18  
  117  8:47  Queen  
  117  8:48  Hatchery  
  118  9:19  Zergling x8  
  118  9:20  Zergling x14  
Show
View Real Time Build Order
Export as new Build Order

Spartan Protoss 

Build Orders: Phoenix Opening 

Get SALT Encoding   

  12  0:00  Probe  
  13  0:15  Pylon  
  13  0:19  Probe  
  14  0:31  Probe  
  15  0:37  Gateway  
  15  0:43  Assimilator  
  15  0:47  Probe  
  16  0:54  Pylon  
  16  1:01  Probe  
  17  1:13  Probe  
  18  1:25  Gateway  
  18  1:27  Cybernetics Core, Zealot  
  20  1:44  Probe  
  21  1:49  Pylon  
  21  2:00  Adept  
  21  2:08  Shield Battery  
  23  2:11  Probe  
  24  2:23  Shield Battery, Adept  
  24  2:31  Pylon  
  26  2:43  Pylon  
  26  2:50  Probe  
  27  2:54  Adept  
  29  3:01  Gateway  
  29  3:03  Warp Gate  
  29  3:04  Probe  
  30  3:19  Probe  
  31  3:29  Nexus  
  31  3:33  Probe  
  32  3:34  Adept  
  32  3:46  Probe  
  35  3:49  Sentry  
  37  3:58  Phoenix, Probe  
  37  4:01  Stalker  
  40  4:10  Twilight Council  
  40  4:12  Probe  
  41  4:29  Probe  
  42  4:37  Pylon  
  42  4:41  Probe  
  43  4:46  Gateway  
  43  4:47  Gateway  
  43  4:51  Resonating Glaives, Probe  
  44  4:58  Adept  
  44  4:59  Adept  
  48  5:04  Probe x2  
  50  5:16  Probe  
  50  5:19  Probe  
  50  5:21  Adept x2  
  57  5:28  Probe  
  57  5:35  Probe  
  58  5:44  Stalker  
  58  5:45  Stalker x2  
  64  5:52  Assimilator  
  64  5:55  Probe x2, Assimilator  
  64  5:56  Assimilator  
  66  6:03  Stalker  
  68  6:08  Pylon x2  
  68  6:14  Pylon  
  68  6:15  Probe  
  68  6:16  Probe  
  70  6:22  Charge  
  70  6:29  Probe x2  
  72  6:34  Zealot  
  72  6:35  Zealot x3  
  80  6:42  Probe  
  80  6:43  Probe  
  82  6:55  Nexus  
  82  6:56  Zealot x3  
  82  6:57  Pylon  
  88  7:07  Pylon, Probe  
  89  7:11  Robotics Facility  
  79  7:44  Zealot  
  79  7:45  Zealot x2  
  65  8:11  Stalker x3  
  65  8:12  Probe x3  
  70  8:14  Stalker  
  72  8:23  Immortal  
  72  8:24  Probe  
  77  8:28  Probe x2  
  77  8:31  Assimilator, Templar Archives  
  79  8:36  Probe  
  79  8:37  Assimilator  
  79  8:38  Zealot x4  
  79  8:40  Probe  
  89  8:43  Probe  
  90  8:48  Probe  
  90  8:51  Gateway  
  90  8:54  Gateway  
  91  8:56  Gateway  
  91  8:58  Stalker  
  91  8:59  Stalker x3  
  91  9:01  Gateway  
  96  9:16  Probe x3  
  94  9:24  High Templar x4  
  102  9:35  Archon  
Tags
 
Add a new tag
Caveats
  • Supply blocks, unpowered buildings, or Contaminate may cause inaccurate times.
  • Supply counts are checked every 10 seconds.